 Dungeon Crawl Stone Soup version 0.29.1-1-gd02db6906a (webtiles) character file.

Game seed: 13515458469327142829

14235 Hadkhar the Fighter (level 11, -3/93 HPs)
             Began as a Demonspawn Abyssal Knight on Sept 28, 2022.
             Was a High Priest of Lugonu.
             Slain by a skeletal warrior
             ... wielding a +0 scimitar
              (17 damage)
             ... on level 10 of the Dungeon.
             The game lasted 01:48:56 (18315 turns).

Hadkhar the Fighter (Demonspawn Abyssal Knight)    Turns: 18315, Time: 01:48:56

Health: -3/93      AC: 21    Str: 18    XL:     11   Next: 86%
Magic:  18/18      EV:  8    Int: 12    God:    Lugonu [*****.]
Gold:   711        SH:  0    Dex: 13    Spells: 16/16 levels left

rFire   . . .      SeeInvis +   r - +3 eveningstar
rCold   . . .      Faith    .   (no shield)
rNeg    + . .      Spirit   .   Q - +2 plate armour
rPois   .          Reflect  .   X - +0 helmet
rElec   .          Harm     .   J - +0 cloak
rCorr   .          Rampage  .   F - +0 pair of gloves
Will    .....                   v - +0 pair of boots
Stlth   ..........              T - amulet of the acrobat
HPRegen 0.25/turn               g - ring of see invisible
MPRegen 0.16/turn               I - ring of positive energy

@: invisible
A: repulsion field 1, foul stench 1, powered by pain 2, demonic touch 2
a: Renounce Religion, Depart the Abyss, Bend Space, Banish, Corrupt, Enter the
Abyss


You were on level 10 of the Dungeon.
You worshipped Lugonu.
Lugonu was extremely pleased with you.
You visited 1 branch of the dungeon, and saw 11 of its levels.
You visited the Abyss 1 time.

You collected 836 gold pieces.
You spent 125 gold pieces at shops.

Inventory:

Hand Weapons
 a - a +2 hand axe of freezing
 i - a +0 halberd
 r - a +3 eveningstar (weapon)
 y - a +2 short sword of electrocution
 O - a +4 shortbow of flaming
Missiles
 f - 4 curare-tipped darts
 h - 59 poisoned darts (quivered)
 H - 7 javelins
Armour
 m - a +1 leather armour of cold resistance
 v - a +0 pair of boots (worn)
 F - a +0 pair of gloves (worn)
 J - a +0 cloak (worn)
 Q - a +2 plate armour (worn)
 X - a +0 helmet (worn)
Jewellery
 g - a ring of see invisible (left hand)
 I - a ring of positive energy (right hand)
 T - an amulet of the acrobat (around neck)
 V - a ring of ice
 W - a ring of flight
Wands
 u - a wand of roots (15)
 K - a wand of flame (16)
 R - a wand of acid (7)
Scrolls
 b - 4 scrolls of amnesia {unknown}
 c - 7 scrolls of teleportation
 d - 2 scrolls of butterflies {unknown}
 j - 4 scrolls of enchant armour
 n - 3 scrolls of magic mapping {unknown}
 p - a scroll of poison {unknown}
 q - 3 scrolls of immolation {unknown}
 s - 4 scrolls of blinking {unknown}
 w - 4 scrolls of noise {unknown}
 x - 4 scrolls of vulnerability {unknown}
 C - 5 scrolls of enchant weapon {unknown}
 D - 4 scrolls of identify
 M - a scroll of torment {unknown}
Potions
 k - a potion of magic
 l - 4 potions of brilliance
 o - a potion of invisibility
 z - 2 potions of attraction
 B - a potion of cancellation {unknown}
 E - a potion of flight
 G - 4 potions of haste {unknown}
 L - a potion of lignification
 P - a potion of ambrosia {unknown}
 S - a potion of berserk rage {unknown}
 U - 2 potions of mutation {unknown}
Miscellaneous
 N - a phantom mirror (inert)


   Skills:
 + Level 11.0 Fighting
 - Level 1.4 Short Blades
 - Level 9.0(9.4) Axes
 * Level 3.9(6.9) Maces & Flails
 - Level 1.3(5.7) Polearms
 - Level 1.4 Ranged Weapons
 + Level 8.3 Armour
 - Level 0.8 Dodging
 - Level 3.1 Spellcasting
 - Level 10.0 Invocations


You had 16 spell levels left.
You didn't know any spells.
Your spell library contained the following spells:

 Spells                   Type           Power      Damage    Failure   Level
 Foxfire                  Conj/Fire      4%         2x1d4     99%         1
 Magic Dart               Conj           4%         1d3       99%         1
 Necrotise                Necr           4%         1d4       99%         1
 Blink                    Tloc           2%         N/A       100%        2
 Call Imp                 Summ           1%         N/A       100%        2
 Ensorcelled Hibernation  Hex/Ice        2%         N/A       100%        2
 Call Canine Familiar     Summ           1%         N/A       100%        3
 Conjure Flame            Conj/Fire      1%         6-21      100%        3
 Inner Flame              Hex/Fire       1%         N/A       100%        3
 Lesser Beckoning         Tloc           1%         N/A       100%        3
 Mephitic Cloud           Conj/Pois/Air  1%         N/A       100%        3
 Ozocubu's Armour         Ice            1%         N/A       100%        3
 Portal Projectile        Hex/Tloc       2%         N/A       100%        3
 Spider Form              Tmut/Pois      1%         N/A       100%        3
 Vampiric Draining        Necr           1%         2d6       100%        3
 Anguish                  Hex/Necr       0%         N/A       100%        4
 Flame Wave               Conj/Fire      1%         2d4       100%        4
 Leda's Liquefaction      Hex/Erth       0%         N/A       100%        4
 Agony                    Necr           1%         N/A       100%        5
 Alistair's Intoxication  Tmut/Pois      0%         N/A       100%        5
 Blade Hands              Tmut           0%         N/A       100%        5
 Borgnjor's Vile Clutch   Necr/Erth      0%         N/A       100%        5
 Irradiate                Conj/Tmut      0%         3d11      100%        5
 Manifold Assault         Tloc           1%         N/A       100%        5
 Eringya's Noxious Bog    Tmut/Pois      0%         N/A       100%        6
 Dragon Form              Tmut           0%         N/A       100%        7
 Ozocubu's Refrigeration  Ice            0%         4d7       100%        7


Dungeon Overview and Level Annotations

Branches:
Dungeon (11/15)            Temple (0/1) D:6            Lair (0/5) D:8
    Orc: D:9-12

Altars:
Ashenzari
Fedhas
Kikubaaqudgha
Nemelex Xobeh
Okawaru
Qazlal
Ru
Sif Muna
Vehumet
Xom

Shops:
D:2 [(   D:4 !   D:8 ((   D:9 (

Annotations:
D:3 1 runed translucent door, Crazy Yiuf
D:4 3 runed translucent doors, Hadkhar's ghost, amateur HuFi; manix's ghost, amateur MfGl


Innate Abilities, Weirdness & Mutations

You are surrounded by a mild repulsion field. (EV +2)
You may rarely emit foul miasma when damaged in melee.
You sometimes gain power by taking damage.
Your touch may inflict irresistible damage on your foes.


Message History

You feel better.
The skeletal warrior hits you with a +0 scimitar.
* * * LOW HITPOINT WARNING * * *
The skeletal warrior hits you with a +0 flail.
* * * LOW HITPOINT WARNING * * *
Your skeletal warrior hits the skeletal warrior with a +0 scimitar!
You fade into invisibility!
The skeletal warrior barely misses you.
The skeletal warrior hits you but does no damage.
Your skeletal warrior hits the skeletal warrior with a +0 scimitar!
Your skeletal warrior misses the skeletal warrior.
Your skeletal warrior shimmers and vanishes!
There is a stone staircase leading up here.
The skeletal warrior hits you but does no damage.
You climb upwards.
There is a stone staircase leading down here.
You barely miss the skeletal warrior.
You touch the skeletal warrior!
The skeletal warrior is moderately damaged.
The skeletal warrior barely misses you.
You hit the skeletal warrior but do no damage.
Your touch misses the skeletal warrior.
The skeletal warrior is moderately damaged.
The skeletal warrior completely misses you.
The skeletal warrior hits you with a +0 scimitar!
* * * LOW HITPOINT WARNING * * *
You thump the skeletal warrior!
The skeletal warrior is moderately damaged.
There is an open door here.
You barely miss the skeletal warrior. Your touch misses the skeletal warrior.
The skeletal warrior is moderately damaged.
The skeletal warrior barely misses you.
You strike the helpless skeletal warrior from behind!
You hit the skeletal warrior but do no damage.
You touch the skeletal warrior!
The skeletal warrior is heavily damaged.
The skeletal warrior hits you but does no damage.
You hit the skeletal warrior but do no damage.
The skeletal warrior is heavily damaged.
The skeletal warrior hits you with a +0 scimitar!
You die...

.#....#.PPP^###########
.#....########........#
.#.#........##........#
.#.#.....[#(.#........#
.#.#......##.#........#
.#.#..>...##.#...)....#
.#........##.#........#
.#.#^.....##.#[.......#
...#......##>'.z@.....#
####......####........#
######## #........##
#....≈≈≈≈≈# #....≈###≈#
####..'_#≈# ##≈###≈#
#≈≈≈ ≈# #######


You could see a skeletal warrior (unable to see you).

Vanquished Creatures
  Fannar (D:10)
  Erica (D:10)
  A two-headed ogre (D:11)
  Urug (D:10)
  A skeletal warrior (D:11)
  A harpy (D:11)
  An ugly thing (D:10)
  A kobold demonologist (D:6)
  2 unseen horrors
  3 trolls
  A hornet (D:8)
  2 shadows (D:11)
  13 yaks (D:9)
  A wyvern (D:9)
  2 wraiths
  3 steam dragons
  A human (D:4)
  2 vampire mosquitoes (D:9)
  3 water moccasins
  Duvessa (D:7)
  3 black bears
  3 orc warriors
  2 ice beasts (D:6)
  2 sky beasts
  An ogre (D:6)
  8 centaurs
  9 kobold brigands
  Blork the orc (D:4)
  A gnoll sergeant (D:8)
  4 bullfrogs
  A scorpion (D:8)
  A necrophage (D:5)
  Dowan (D:7)
  4 killer bees (D:9)
  8 howler monkeys
  5 jellies
  6 hounds
  An orc priest (D:11)
  9 iguanas
  7 orc wizards
  4 adders
  14 gnolls
  A shadow imp (D:6)
  5 white imps
  An ufetubus (D:4)
  4 worms
  3 dart slugs
  16 orcs
  7 endoplasms
  4 giant cockroaches
  6 goblins
  7 hobgoblins
  3 jackals (D:2)
  36 kobolds
  3 quokkas
  2 training dummies (D:7)
  6 ball pythons
  4 bats
  A frilled lizard (D:1)
  5 rats
251 creatures vanquished.

Vanquished Creatures (others)
  An orc wizard (D:8)
  8 fungi (D:8)
  13 plants
  5 withered plants (D:4)
27 creatures vanquished.

Grand Total: 278 creatures vanquished

Notes
Turn   | Place    | Note
-------+----------+-------------------------------------------
     0 | Abyss:1  | Hadkhar the Demonspawn Abyssal Knight began the quest for
                  | the Orb.
     0 | Abyss:1  | Reached XP level 1. HP: 18/18 MP: 2/2
     1 | D:1      | Escaped the Abyss
    42 | D:1      | Found a faded altar of an unknown god.
   462 | D:1      | Gained mutation: You are surrounded by a mild repulsion
                  | field. (EV +2) [demonic ancestry]
   462 | D:1      | Reached XP level 2. HP: 22/24 MP: 4/4
  1310 | D:2      | Found Gijy's Weapon Shop.
  1363 | D:2      | Reached XP level 3. HP: 30/30 MP: 5/5
  1499 | D:2      | Found Sitaymoh's Antique Armour Shoppe.
  1510 | D:2      | Bought a runed leather armour for 125 gold pieces
  1707 | D:2      | Reached skill level 4 in Fighting
  1904 | D:2      | Reached *** piety under Lugonu
  2204 | D:2      | Reached XP level 4. HP: 34/37 MP: 6/6
  3230 | D:3      | Identified the +0 robe "Xisoceobb" {SInv}
  3619 | D:3      | Found a runed translucent door.
  3620 | D:3      | Noticed Crazy Yiuf
  3635 | D:4      | Found Duimull's Distillery.
  3658 | D:4      | Reached XP level 5. HP: 38/43 MP: 7/7
  3671 | D:4      | Noticed a black bear
  3674 | D:4      | Noticed a water moccasin
  3695 | D:4      | Killed a water moccasin
  3696 | D:4      | Reached skill level 5 in Fighting
  3696 | D:4      | Reached skill level 1 in Spellcasting
  3700 | D:4      | Killed a black bear
  3701 | D:4      | Gained mutation: You sometimes gain a little power by
                  | taking damage. [demonic ancestry]
  3701 | D:4      | Reached XP level 6. HP: 32/51 MP: 7/9
  4654 | D:4      | Found a runed translucent gate.
  4655 | D:4      | Found a runed translucent gate.
  4655 | D:4      | Found a runed translucent gate.
  4665 | D:4      | Noticed Hadkhar's ghost (amateur HuFi)
  4665 | D:4      | Noticed manix's ghost (amateur MfGl)
  4682 | D:4      | Noticed a human
  4682 | D:4      | a black bear changed into a human
  4694 | D:4      | Killed a human
  4695 | D:4      | Reached skill level 1 in Short Blades
  4695 | D:4      | Reached skill level 5 in Invocations
  4695 | D:4      | Gained mutation: You sometimes gain power by taking damage.
                  | [demonic ancestry]
  4695 | D:4      | Reached XP level 7. HP: 37/57 MP: 10/10
  4995 | D:5      | Entered Level 5 of the Dungeon
  5280 | D:5      | Found a shimmering altar of Xom.
  5282 | D:5      | Found a sparkling altar of Nemelex Xobeh.
  5308 | D:5      | Reached skill level 6 in Fighting
  5774 | D:4      | Noticed Blork the orc
  5784 | D:4      | Killed Blork the orc
  5830 | D:4      | Reached **** piety under Lugonu
  6680 | D:5      | Reached skill level 1 in Polearms
  7063 | D:5      | Found a broken altar of Ashenzari.
  7067 | D:5      | Found an iron altar of Okawaru.
  7277 | D:5      | Gained mutation: You may rarely emit foul miasma when
                  | damaged in melee. [demonic ancestry]
  7277 | D:5      | Reached XP level 8. HP: 40/65 MP: 12/12
  8112 | D:6      | Found a staircase to the Ecumenical Temple.
  8298 | D:6      | Noticed a kobold demonologist
  8299 | D:6      | Reached skill level 7 in Fighting
  8321 | D:6      | Noticed an orange demon
  8330 | D:6      | Noticed a sun demon
  8567 | D:6      | Killed a kobold demonologist
  8568 | D:6      | Reached XP level 9. HP: 67/72 MP: 14/14
  8689 | D:6      | Reached skill level 5 in Axes
  9637 | D:6      | Reached skill level 8 in Fighting
 11181 | D:7      | Reached skill level 5 in Armour
 11779 | D:7      | Noticed Duvessa
 11779 | D:7      | Noticed Dowan
 11790 | D:7      | Killed Duvessa
 11796 | D:7      | Killed Dowan
 12192 | D:7      | Gained mutation: Your touch may inflict minor irresistible
                  | damage on your foes. [demonic ancestry]
 12192 | D:7      | Reached XP level 10. HP: 73/82 MP: 17/17
 12684 | D:8      | Noticed a two-headed ogre
 12686 | D:8      | Banished a two-headed ogre
 12687 | D:8      | Reached skill level 10 in Invocations
 12768 | D:8      | Found Teughile's Antique Weapon Shop.
 12967 | D:8      | Reached skill level 9 in Fighting
 13236 | D:8      | Found a staircase to the Lair.
 13606 | D:8      | Found an ancient bone altar of Kikubaaqudgha.
 13606 | D:8      | Found a shimmering blue altar of Sif Muna.
 13608 | D:8      | Found a radiant altar of Vehumet.
 13644 | D:8      | Found Giorphuwnylus's Antique Weapon Boutique.
 13750 | D:8      | Found a stormy altar of Qazlal.
 15023 | D:9      | Found Cituon's Weapon Boutique.
 15253 | D:9      | Gained mutation: Your touch may inflict irresistible damage
                  | on your foes. [demonic ancestry]
 15253 | D:9      | Reached XP level 11. HP: 84/90 MP: 18/18
 15271 | D:9      | Reached ***** piety under Lugonu
 15272 | D:9      | Reached skill level 1 in Ranged Weapons
 15574 | D:9      | Reached skill level 10 in Fighting
 16074 | D:10     | Entered Level 10 of the Dungeon
 16095 | D:10     | Noticed Erica
 16115 | D:10     | Killed Erica
 16315 | D:10     | Noticed a purple ugly thing
 16330 | D:10     | Killed a purple ugly thing
 16490 | D:10     | Found a blossoming altar of Fedhas.
 16513 | D:10     | Noticed Urug
 16526 | D:10     | Killed Urug
 16929 | D:10     | Found a sacrificial altar of Ru.
 17429 | D:10     | Noticed Fannar
 17448 | D:10     | Killed Fannar
 17449 | D:10     | Reached skill level 1 in Maces & Flails
 17573 | D:11     | Noticed a two-headed ogre
 17578 | D:11     | Noticed a harpy
 17578 | D:11     | a two-headed ogre changed into a harpy
 17582 | D:11     | Killed a harpy
 17836 | D:11     | Noticed a two-headed ogre
 17853 | D:11     | Killed a two-headed ogre
 18217 | D:11     | Noticed a skeletal warrior
 18230 | D:11     | Killed a skeletal warrior
 18231 | D:11     | Reached skill level 11 in Fighting
 18250 | D:11     | Noticed a skeletal warrior
 18275 | D:11     | Noticed a skeletal warrior
 18315 | D:10     | Slain by a skeletal warrior

Illustrated notes

Levels and vault maps discovered:
D:1:      erik_arrival_orb_chamber, layout_basic, ebering_ecumenical_altar_webs
D:2:      layout_basic, serial_shops, nicolae_shop_hallway_plus, shop_statue
D:3:      layout_rooms, kennysheep_minor_cross, uniq_crazy_yiuf_cottage
D:4:      layout_layer_cave, gammafunk_ghost_cemetery, nicolae_stop_n_shop_2,
          nicolae_concentric_dashed_squares_wild, uniq_blork_the_orc
D:5:      layout_loops_ring, grunt_temple_overflow_open
D:6:      wad_guarded_room, layout_basic, temple_fountains, corexii_shack,
          hangedman_minor_gate_pass
D:7:      dreamdust_elfheim, layout_basic, grunt_decor_fettered,
          minmay_increasing_density
D:8:      layout_loops_ring, grunt_temple_overflow_magic_moments,
          nicolae_qazlal_eye_of_the_storm, grunt_lair_entry_orc_guard_hut,
          serial_shops, nicolae_shop_stone, kennysheep_little_box
D:9:      layout_roguey, serial_shops, shop_fountains
D:10:     layout_roguey, nicolae_ru_the_path_less_chosen,
          fedhas_bush_and_centaur_altar, kennysheep_mini_moat,
          hangedman_decor_slide_cut, minivault_5, uniq_urug, uniq_erica,
          uniq_fannar
D:11:     layout_long_grid, david_orc_1_choice

Skill      XL: |  1  2  3  4  5  6  7  8  9 10 11 |
---------------+----------------------------------+-----
Axes           | 2 3 4 6 8 9 |  9.0
Invocations    | 3 4 5 6 7 9 10 | 10.0
Fighting       | 4 5 6 7 8 9 11 | 11.0
Spellcasting   | 1 2 3 |  3.1
Short Blades   | 1 |  1.4
Polearms       | 1 |  1.3
Armour         | 3 5 6 8 |  8.3
Ranged Weapons | 1 |  1.4
Maces & Flails | 3 |  3.9
Dodging        | |  0.8

Action                   |  1- 3 |  4- 6 |  7- 9 | 10-12 || total
-------------------------+-------+-------+-------+-------++-------
Melee: Hand axe          |   135 |   134 |   358 |   298 ||   925
       Punch             |     1 |     1 |     7 |     9 ||    18
       Short sword       |       |    28 |    71 |       ||    99
       Halberd           |       |       |    58 |       ||    58
       Touch             |       |       |       |    77 ||    77
       Eveningstar       |       |       |       |    75 ||    75
 Fire: Shortbow          |       |       |       |     5 ||     5
Throw: Dart              |       |       |     6 |       ||     6
Invok: Bend Space        |       |     1 |     1 |       ||     2
       Banish            |       |       |     3 |     2 ||     5
Evoke: Wand              |       |     1 |     3 |     6 ||    10
       Phantom mirror    |       |       |       |     1 ||     1
  Use: Scroll            |       |     4 |     3 |     6 ||    13
       Potion            |       |     4 |     6 |     4 ||    14
 Stab: Invisible         |       |       |     1 |     1 ||     2
Armor: Ring mail         |    22 |       |       |       ||    22
       Leather armour    |    25 |    58 |   114 |       ||   197
       Skin              |       |    32 |       |       ||    32
       Chain mail        |       |       |    63 |   153 ||   216
       Plate armour      |       |       |       |    57 ||    57
Dodge: Dodged            |    87 |   114 |   367 |   183 ||   751
